 Dungeon Sprint DCSS version 0.31-a0-1-g4198be8af4 (webtiles) character file.

Game seed: 5774969883576820255

12 sircluck the Ruffian (level 2, -2/31 HPs)
             Began as a Troll Berserker on May 2, 2023.
             Was a Follower of Trog.
             Killed by vampiric draining
             ... invoked by a vampire
              (7 damage)
             ... in the Dungeon (Sprint VII: "The Pits").
             The game lasted 00:00:21 (70 turns).

sircluck the Ruffian (Troll Berserker)                Turns: 70, Time: 00:00:21

Health: -2/31      AC:  4    Str: 24    XL:     2   Next: 20%
Magic:  1/1        EV: 10    Int:  3    God:    Trog [*.....]
Gold:   0          SH:  0    Dex:  9    Spells: 1/1 levels left

rFire   . .          .
                       - Unarmed
rCold   . . .        (no shield)
rNeg    . . .        a - +0 animal skin
rPois   .            (helmet restricted)
rElec   .            (no cloak)
rCorr   .            (gloves unavailable)
SInv    .            (boots unavailable)
Will    .....        (no amulet)
Stlth   +            (no ring)
HPRegen 1.05/turn    (no ring)
MPRegen 0.07/turn

%: no teleportation
@: on berserk cooldown, slowed, very slow
A: large, unfitting armour, claws 3, regeneration 1, shaggy fur 1, tough skin 1
a: Renounce Religion, Berserk


You were in the Dungeon.
You worshipped Trog.
Trog was aware of your devotion.
You visited 1 branch

Inventory:

Armour
 a - a +0 animal skin (worn)
Scrolls
 g - a scroll of blinking
Potions
 b - a potion of curing
 c - a potion of heal wounds
 d - a potion of haste
 e - 2 potions of magic
 f - a potion of berserk rage


   Skills:
 + Level 3.2 Fighting
 + Level 3.2 Dodging
 + Level 4.0 Unarmed Combat


You had one spell level left.
You didn't know any spells.
Your spell library was empty.

Dungeon Overview and Level Annotations

Branches:
Dungeon (1/1)

Altars:


Innate Abilities, Weirdness & Mutations

You are too large for most types of armour.
You have claws for hands.
Your natural rate of healing is unusually fast.
You are covered in fur. (AC +1)
You have tough skin. (AC +1)


Message History

You barely miss the vampire.
The vampire is lightly damaged.
The vampire barely misses you. The vampire bites you!
The vampire draws strength from your injuries!
You closely miss the vampire.
The vampire hits you but does no damage.
The vampire bites you but does no damage.
A red film seems to cover your vision as you go berserk!
You feel yourself moving faster!
You feel mighty!
The vampire hits you but does no damage.
The vampire barely misses you.
You completely miss the vampire. You closely miss the vampire.
The vampire completely misses you. The vampire misses you.
You claw the vampire!
The vampire is moderately damaged.
The vampire gestures at you while chanting.
You are confused.
You bump into the metal wall.
The vampire hits you but does no damage.
The vampire bites you.
The vampire draws strength from your injuries!
You mangle the vampire!!
The vampire is almost destroyed.
You feel a strong urge to attack something.
The vampire hits you. The vampire bites you.
* * * LOW HITPOINT WARNING * * *
The vampire draws strength from your injuries!
You scratch the vampire but do no damage.
Your claw misses the vampire.
The vampire is severely damaged.
The vampire closely misses you. The vampire bites you!
* * * LOW HITPOINT WARNING * * *
The vampire draws strength from your injuries!
You are no longer berserk.
You are exhausted.
You feel yourself slow down.
You feel less confused. The vampire draws life force from you!
You die...

##########++######
#................#
#......#..#......#
#................+
+................+
#......#..#......#
#...V............#
####@#####''######
#.......##''#
#.......##..#
#.......##..#
#...<...##.V#
#.......##..#
#.......##..#
#.......##...
##########...


You could see a vampire.

Vanquished Creatures
  A mummy (D)
1 creature vanquished.

Notes
Turn   | Place    | Note
-------+----------+-------------------------------------------
     0 | D        | sircluck the Troll Berserker began the quest for the Orb.
     0 | D        | Reached XP level 1. HP: 22/22 MP: 0/0
    32 | D        | Reached skill level 4 in Unarmed Combat
    32 | D        | Reached XP level 2. HP: 31/31 MP: 1/1
    37 | D        | Noticed a vampire
    70 | D        | Killed from afar by a vampire

Illustrated notes

Levels and vault maps discovered:
D:        pitsprint [storerooms_1, entrance_room_1, metal_vault_3, armoury_1,
          mini_pit_1, grid_room_1, main_hall_1, silver_pit, the_coven_1,
          the_vestibule_1, steel_vault_1, golden_pit, hallway_of_sentries,
          crystal_vault_4, iron_vault_2, final_vault]

Skill      XL: |  1 |
---------------+----+-----
Fighting       | 3 |  3.2
Dodging        | 3 |  3.2
Unarmed Combat | 4 |  4.0

Action                     || total
---------------------------++-------
  Melee: Unarmed           ||    14
 Invoke: Berserk           ||     1
 Armour: Animal skin       ||     6
  Dodge: Dodged            ||    10

Table legend: (Time is in decaauts)
 A = Elapsed time spent in this place.
 B = Non-inter-level travel time spent in this place.
 C = Inter-level travel time spent in this place.
 D = Time resting spent in this place.
 E = Time spent auto-exploring this place.
 F = Levels seen in this place.
 G = Mean time per level.
                   A        B        C        D        E       F      G
               +--------+--------+--------+--------+--------+-----+--------+
         Total |     65 |     65 |      0 |      0 |     12 |   1 |   65.0 |
       Dungeon |     65 |     65 |      0 |      0 |     12 |   1 |   65.0 |
               +--------+--------+--------+--------+--------+-----+--------+

Top non-repeatable levels by time:
       D: 65 daAuts
